 Dungeon Crawl Stone Soup version 0.27-a0-1319-geec4fb4e21 (webtiles) character file.

Game seed: 12648522355385602108

123 Gwenloh the Poker (level 5, -1/38 HPs)
             Began as a Merfolk Gladiator on June 22, 2021.
             Slain by a wyvern zombie (12 damage)
             ... on level 4 of the Dungeon.
             The game lasted 00:08:16 (3018 turns).

Gwenloh the Poker (Merfolk Gladiator)               Turns: 3018, Time: 00:08:16

Health: -1/38      AC:  5    Str: 15    XL:     5   Next: 7%
Magic:  5/5        EV: 14    Int:  7    God:
Gold:   201        SH:  0    Dex: 16    Spells: 4/4 levels left

rFire    . . .     SeeInvis .   g - +7 lajatang of Order {silver, rMut}
rCold    . . .     Faith    .   (shield currently unavailable)
rNeg     . . .     Spirit   .   b - +0 leather armour
rPois    .         Reflect  .   c - +0 helmet
rElec    .         Harm     .   (no cloak)
rCorr    .         Rampage  .   l - +0 pair of gloves
rMut     +                      (no boots)
Will     .....                  (no amulet)
Stlth    +.........             (no ring)
HPRegen  0.12/turn              (no ring)
MPRegen  0.09/turn

@: no status effects
A: (nimble swimmer 2), mertail
a: no special abilities


You were on level 4 of the Dungeon.
You visited 1 branch of the dungeon, and saw 4 of its levels.

You collected 691 gold pieces.
You spent 490 gold pieces at shops.

Inventory:

Hand Weapons
 a - a +0 trident
 g - the +7 lajatang of Order (weapon) {silver, rMut}
   (You acquired it on level 2 of the Dungeon)

   It protects you from mutation.
Missiles
 d - 3 throwing nets
 e - 44 stones (quivered)
Armour
 b - a +0 leather armour (worn)
 c - a +0 helmet (worn)
 l - a +0 pair of gloves (worn)
Wands
 q - a wand of flame (13)
Scrolls
 f - 4 scrolls of enchant weapon
 k - a scroll of fog
 m - a scroll of amnesia
 o - a scroll of magic mapping
 p - a scroll of teleportation
 r - a scroll of noise {unknown}
 s - 3 scrolls of identify
Potions
 h - a potion of attraction {unknown}
 i - 2 potions of curing {unknown}
 j - a potion of brilliance {unknown}
 n - a potion of mutation {unknown}


   Skills:
 - Level 2.1 Fighting
 * Level 7.1 Polearms
 - Level 2.0 Throwing
 + Level 5.3 Dodging


You had 4 spell levels left.
You didn't know any spells.
Your spell library was empty.

Dungeon Overview and Level Annotations

Branches:
Dungeon (4/15)
 Temple: D:4-7

Altars:

Shops:
D:1 :   D:2 ?


Innate Abilities, Weirdness & Mutations

((You are quick and stealthy near water. (Stealth+, EV+, Speed+++)))
Your lower body shifts to a powerful aquatic tail in water.


Message History

The ball python hisses angrily.
The wyvern zombie bites you.
A kobold zombie comes into view.
You closely miss the hound. The hound completely misses you.
You closely miss the hound. The hound misses you. The hound barely misses you.
The wyvern zombie bites you!
A kobold zombie comes into view.
You completely miss the wyvern zombie.
The wyvern zombie is heavily damaged.
The hound bites you. The wyvern zombie barely misses you. The hound misses you.
The wyvern zombie misses you. The hound barely misses you.
The hound misses you.
You closely miss the hound. The hound closely misses you.
The hound bites you but does no damage.
You slash the hound!
The hound is almost dead.
The hound bites you. The hound barely misses you.
You barely miss the hound.
The hound is almost dead.
The hound barely misses you. The hound bites you but does no damage.
You slice the hound!!
You kill the hound!
Your Polearms skill increases to level 7!
You have reached level 5!
You feel stronger.
Okay, then.
Okay, then.
You slice the ball python!!
You kill the ball python!
The wyvern zombie barely misses you.
You hit the wyvern zombie but do no damage.
The wyvern zombie is heavily damaged.
The wyvern zombie barely misses you.
You slash the wyvern zombie!
The wyvern zombie is severely damaged.
The wyvern zombie bites you!
* * * LOW HITPOINT WARNING * * *
The wyvern zombie bites you!
You die...

######### ### .##.##.
#.......###### #.. .....Z.
#.####.......# #.# .......
#.####..####.#####.# ...Z.
#.#.............##.# ..([
........####.##.##.# ..#
#.#.........>##.##.##..#.##.
.....(..#######.@ZZ.........
#.####### #####.#....... #.#
#.#######. #.# #.# ..# #.#
#.# #.# ..# #.# #.# ... #.#


You could see a wyvern zombie and a kobold zombie.

Vanquished Creatures
  A hound (D:4)
  3 adders
  A gnoll (D:2)
  An ufetubus (D:4)
  A worm (D:2)
  2 dart slugs
  4 bats
  2 endoplasms (D:1)
  A giant cockroach (D:1)
  8 goblins
  3 hobgoblins
  5 quokkas
  6 ball pythons
  6 frilled lizards
  3 kobolds
  2 rats
49 creatures vanquished.

Notes
Turn   | Place    | Note
-------+----------+-------------------------------------------
     0 | D:1      | Gwenloh the Merfolk Gladiator began the quest for the Orb.
     0 | D:1      | Reached XP level 1. HP: 16/16 MP: 1/1
   195 | D:1      | Reached skill level 5 in Polearms
   195 | D:1      | Reached XP level 2. HP: 21/22 MP: 2/2
   205 | D:1      | You fall into a shaft and drop 1 floor!
   276 | D:2      | Reached XP level 3. HP: 21/27 MP: 3/3
   819 | D:3      | Reached skill level 6 in Polearms
  1352 | D:1      | Reached XP level 4. HP: 33/33 MP: 4/4
  1416 | D:1      | Found Fyhu's Book Emporium.
  1966 | D:2      | Found Rooxig's Magic Scroll Emporium.
  1975 | D:2      | Bought a scroll of identify for 28 gold pieces
  1975 | D:2      | Bought a scroll of identify for 28 gold pieces
  1975 | D:2      | Identified 2 scrolls of acquirement
  1978 | D:2      | Acquired 608 gold pieces
  1980 | D:2      | Acquired the +7 lajatang of Order {silver, rMut}
  1981 | D:2      | Found the +7 lajatang of Order {silver, rMut}
  2208 | D:2      | Bought a scroll of enchant weapon for 105 gold pieces
  2208 | D:2      | Bought a scroll of fog for 28 gold pieces
  2208 | D:2      | Bought a scroll of enchant weapon for 105 gold pieces
  2208 | D:2      | Bought a scroll of magic mapping for 49 gold pieces
  2208 | D:2      | Bought a scroll of enchant weapon for 105 gold pieces
  2208 | D:2      | Bought a scroll of teleportation for 42 gold pieces
  2646 | D:3      | Reached skill level 5 in Dodging
  3016 | D:4      | Reached skill level 7 in Polearms
  3016 | D:4      | Reached XP level 5. HP: 21/38 MP: 5/5
  3018 | D:4      | Slain by a wyvern zombie

Illustrated notes

Levels and vault maps discovered:
D:1:      psy_arrival_conway, layout_basic, serial_shops, shop,
          chequers_serial_rivers_room_a
D:2:      layout_loops_cross, serial_shops, shop
D:3:      layout_basic
D:4:      layout_loops_cross, lemuel_doored_altar, minmay_mini_ossuary

Skill      XL: |  1  2  3  4 |
---------------+-------------+-----
Polearms       | 5 6 7 |  7.1
Dodging        | 5 |  5.3
Fighting       | |  2.1
Throwing       | |  2.0

Action                   |  1- 3 |  4- 6 || total
-------------------------+-------+-------++-------
Melee: Trident           |    69 |    11 ||    80
       Lajatang          |       |    24 ||    24
Throw: Stone             |    54 |    61 ||   115
  Use: Scroll            |       |     5 ||     5
 Stab: Sleeping          |       |     1 ||     1
Armor: Leather armour    |    13 |     5 ||    18
Dodge: Dodged            |    30 |    27 ||    57

Table legend: (Time is in decaauts)
 A = Elapsed time spent in this place.
 B = Non-inter-level travel time spent in this place.
 C = Inter-level travel time spent in this place.
 D = Time resting spent in this place.
 E = Time spent auto-exploring this place.
 F = Levels seen in this place.
 G = Mean time per level.
                   A        B        C        D        E       F      G
               +--------+--------+--------+--------+--------+-----+--------+
         Total |   3023 |   2968 |     55 |    285 |   2203 |   4 |  755.8 |
       Dungeon |   3023 |   2968 |     55 |    285 |   2203 |   4 |  755.8 |
               +--------+--------+--------+--------+--------+-----+--------+

Top non-repeatable levels by time:
     D:3: 1234 daAuts
     D:2: 878 daAuts
     D:1: 805 daAuts
     D:4: 104 daAuts
